 Dungeon Crawl Stone Soup version 0.22-a0-612-gd2f0174 (webtiles) character file.

111 Amnesiac the Magician (level 4, -1/33 HPs)
             Began as a Mummy Wizard on July 12, 2018.
             Killed from afar by an orc wizard (13 damage)
             ... with a puff of flame
             ... on level 3 of the Dungeon.
             The game lasted 00:03:24 (2838 turns).

Amnesiac the Magician (Mummy Wizard)                Turns: 2838, Time: 00:03:24

Health: -1/33      AC:  2    Str: 10    XL:     4   Next: 62%
Magic:  6/10       EV: 12    Int: 18    God:
Gold:   142        SH:  0    Dex: 10    Spells: 0/11 levels left

rFire    x . .     SeeInvis .   f - +0 spear
rCold    + . .     Gourm    .   (no shield)
rNeg     + + +     Faith    .   a - +0 robe
rPois    ∞         Spirit   .   (no helmet)
rElec    .         Reflect  .   (no cloak)
rCorr    .         Harm     .   (no gloves)
MR       .....                  (no boots)
Stlth    ++........             (no amulet)
HPRegen  0.11/turn              (no ring)
MPRegen  0.12/turn              (no ring)

@: very slightly contaminated
A: no food or potions, fire vulnerability, cold resistance 1, negative energy
resistance 3, torment resistance, unbreathing
a: no special abilities


You were on level 3 of the Dungeon.
You were not hungry.

You visited 1 branch of the dungeon, and saw 4 of its levels.

You collected 142 gold pieces.

Inventory:

Hand Weapons
 f - a +0 spear (weapon)
Armour
 a - a +0 robe (worn)
Jewellery
 e - a +4 ring of dexterity {unknown}
Scrolls
 b - 2 scrolls of remove curse {!r, unknown}
 c - 2 scrolls of teleportation {!r, unknown}
 d - a scroll of identify {!r, unknown}
 g - a scroll of fog {!r, unknown}


   Skills:
 + Level 2.2 Fighting
 - Level 1.5 Dodging
 - Level 1.5 Stealth
 - Level 4.0 Spellcasting
 * Level 3.0 Conjurations
 - Level 0.7 Summonings
 - Level 0.7 Translocations


You couldn't memorise any spells.
You knew the following spells:

 Your Spells              Type           Power        Failure   Level  Hunger
a - Magic Dart            Conj           ##..         4%          1    N/A
b - Call Imp              Summ           #.......     17%         2    N/A
e - Mephitic Cloud        Conj/Pois/Air  #.......     28%         3    N/A
s - Conjure Flame         Conj/Fire      #.......     24%         3    N/A
v - Blink                 Tloc           N/A          17%         2    N/A

Your spell library contained the following spells:

 Spells                   Type           Power        Failure   Level  Hunger
 Slow                     Hex            #.......     22%         2    N/A
 Summon Small Mammal      Summ           #...         11%         1    N/A
 Summon Ice Beast         Ice/Summ       #.......     77%         4    N/A
 Call Canine Familiar     Summ           #.......     32%         3    N/A
 Summon Lightning Spire   Summ/Air       #.......     77%         4    N/A
 Summon Guardian Golem    Hex/Summ       #.......     36%         3    N/A

Dungeon Overview and Level Annotations

Branches:
Dungeon (4/15)
 Temple: D:4-7

Altars:

Annotations:
D:4 Ijyb


Innate Abilities, Weirdness & Mutations

You do not eat or drink.
Your flesh is vulnerable to fire.
You are immune to poison.
Your flesh is cold resistant. (rC+)
You are immune to negative energy. (rN+++)
You are immune to unholy pain and torment.
You can survive without breathing.


Message History

The orc priest looks satisfied for a moment.
Your white imp gestures at the orc priest.
The puff of frost hits the orc priest.
Casting: Magic Dart (safe; 4% risk of failure)
Confirm with . or Enter, or press ? or * to list all spells.
Aiming: Magic Dart (safe; 4% risk of failure)
Press: ? - help, Shift-Dir - straight line, f/p - orc priest
Aim: an orc priest, wielding a dagger and wearing a leather armour (severely wounded)
The magic dart hits the orc priest.
The orc priest is almost dead.
The orc priest hits you with a dagger.
* * * LOW HITPOINT WARNING * * *
Your white imp gestures at the orc priest.
The puff of frost hits the orc priest.
The orc priest dies!
Your Conjurations skill increases to level 3!
Unknown command.
You start resting.
Your shadow imp disappears in a puff of smoke!
Your white imp disappears in a puff of smoke!
You start resting.
Your magical contamination has completely faded away.
You start resting.
An orc wizard comes into view. It is wielding a long sword.
Items here: $ ) [ † a dagger; a leather armour; 11 gold pieces; an orc corpse The orc wizard shouts!
You see here a hand axe.
There is a stone staircase leading down here.
You climb downwards.
Level annotation: Ijyb
There is a stone staircase leading up here.
You start resting.
Magic restored.
You start resting.
Magic restored.
You start resting.
HP restored.
You start resting.
HP restored.
You climb upwards.
An orc comes into view. It is wielding a trident.
The orc shouts!
The orc wizard hits you with a long sword.
There is a stone staircase leading down here.
Casting: Magic Dart (safe; 4% risk of failure)
Confirm with . or Enter, or press ? or * to list all spells.
A beastly little devil appears in a puff of frigid air.
The orc wizard mumbles some strange words.
The orc wizard flickers and vanishes!
Deactivating autopickup; reactivate with Ctrl-A.
The orc hits you from afar with a trident.
Casting: Call Imp (safe; 17% risk of failure)
Confirm with . or Enter, or press ? or * to list all spells.
You miscast Call Imp.
You are very lightly contaminated with residual magic.
You feel a strange surge of energy! Something hits you!
* * * LOW HITPOINT WARNING * * *
The orc hits you from afar with a trident.
* * * LOW HITPOINT WARNING * * *
You hear some strange, mumbled words.
A puff of flame appears from out of thin air!
The puff of flame hits you! The fire burns you terribly!
You die...

#.#.#############
#.#...>.........#
#.#############.# #.#
#.# #.# #.# #.# #.#
##.## #.#
######...############.#
#..........@.)........#
#.####...###5{#########
#.# ##......$o......
#.# ######..####### #.#
#..# #.# #..#
#.##########..#
#...........[.#
#############.#


You could see an orc and a friendly white imp.

Vanquished Creatures
  2 gnolls
  2 leopard geckos (D:1)
  An orc (D:3)
  10 bats
  4 giant cockroaches
  8 goblins
  6 hobgoblins
  3 kobolds
  A frilled lizard (D:1)
  5 rats
42 creatures vanquished.

Vanquished Creatures (collateral kills)
  An orc priest (D:3)
  4 gnolls
  A worm (D:1)
  An orc (D:3)
7 creatures vanquished.

Grand Total: 49 creatures vanquished

Notes
Turn   | Place    | Note
-------+----------+-------------------------------------------
     0 | D:1      | Amnesiac the Mummy Wizard began the quest for the Orb.
     0 | D:1      | Reached XP level 1. HP: 13/13 MP: 5/5
    52 | D:1      | Reached skill level 1 in Conjurations
   230 | D:1      | Reached XP level 2. HP: 20/20 MP: 5/7
   234 | D:1      | Learned a level 2 spell: Call Imp
   364 | D:1      | Reached skill level 1 in Fighting
   625 | D:1      | Reached XP level 3. HP: 26/26 MP: 1/8
   630 | D:1      | Learned a level 3 spell: Conjure Flame
   634 | D:1      | Learned a level 3 spell: Mephitic Cloud
  1816 | D:2      | HP: 1/27 [gnoll/whip (5)]
  1840 | D:2      | Reached XP level 4. HP: 4/33 MP: 1/10
  2248 | D:2      | You fall through a shaft for 2 floors!
  2320 | D:4      | Learned a level 2 spell: Blink
  2362 | D:4      | Noticed Ijyb
  2838 | D:3      | Killed from afar by an orc wizard

Vault maps used:
D:1:      matt_arrival_grand_opening, minmay_misc_feat_more_columns,
          minmay_misc_feat_diagonals, hangedman_decor_slide_cut, st_stairs_3
D:4:      gammafunk_ghost_grave, trog_butcher_becter, uniq_pikel, uniq_ijyb

Skill      XL: |  1  2  3  4 |
---------------+-------------+-----
Conjurations   | 1 2 3 |  3.0
Fighting       | 1 2 |  2.2
Dodging        | |  1.5
Stealth        | |  1.5
Spellcasting   | |  4.0
Summonings     | |  0.7
Translocations | |  0.7

Action                   |  1- 3 |  4- 6 || total
-------------------------+-------+-------++-------
Melee: Unarmed           |    34 |       ||    34
       Spear             |     3 |     2 ||     5
 Cast: Magic Dart        |    94 |    21 ||   115
       Call Imp          |     9 |     5 ||    14
Armor: Robe              |     8 |       ||     8
Dodge: Dodged            |    44 |     2 ||    46

Table legend:
 A = Spawn XP
 B = Non-spawn XP
 C = Spawn XP percentage of total XP
 D = Spawn monster count
 E = Non-spawn monster count
 F = Spawn count percentage of total count
 G = Total turns spent on level
                    A         B        C        D         E        F      G
               +---------+---------+-------+---------+---------+-------+---------
         Total |       0 |     159 |   0.0 |       0 |      49 |   0.0 |  2838
               +---------+---------+-------+---------+---------+-------+---------
           D:1 |       0 |      59 |   0.0 |       0 |      23 |   0.0 |  1153
           D:2 |       0 |      53 |   0.0 |       0 |      21 |   0.0 |  1095
           D:3 |       0 |      47 |   0.0 |       0 |       5 |   0.0 |   214
               +---------+---------+-------+---------+---------+-------+---------
